Map: Ghost River LE

Players

Hisk

  • Race: Terran Terran
  • League: Bronze
  • Spawn Location: 11:00

ManlyManMeat - Winner!

  • Race: Zerg Zerg
  • Spawn Location: 1:00

VOD

Have the link to the VOD?

Description

Time

  • Played on: Sept. 10, 2024, 5:41 a.m.
  • Length: 8:29
Show
View Real Time Build Order
Export as new Build Order

Hisk Terran 

Build Orders:  

Get SALT Encoding   

  12  0:01  SCV  
  13  0:13  SCV  
  14  0:18  Supply Depot  
  14  0:43  Barracks  
  14  0:51  Supply Depot  
  14  0:53  SCV  
  15  1:05  SCV  
  16  1:12  Supply Depot  
  16  1:17  SCV  
  17  1:19  Barracks  
  17  1:21  Refinery  
  17  1:32  Marine  
  18  1:43  SCV  
  18  1:45  Refinery  
  19  1:50  Marine  
  20  1:59  Refinery  
  20  2:08  Marine, SCV  
  22  2:20  SCV  
  23  2:25  Marine  
  24  2:32  SCV  
  25  2:42  Barracks  
  25  2:43  Marine  
  26  2:44  SCV  
  26  2:50  Barracks Reactor  
  27  2:56  Refinery  
  27  3:01  Marine  
  27  3:03  Orbital Command  
  28  3:19  Marine  
  28  3:30  Marine x2  
  30  3:37  Marine  
  31  3:41  Supply Depot  
  31  3:48  Marine x2  
  32  3:54  Barracks Reactor, Marine  
  34  4:06  Marine x2  
  36  4:12  Marine  
  37  4:23  Marine  
  37  4:24  Marine  
  39  4:30  Supply Depot, Marine  
  40  4:41  Marine x2  
  42  4:48  Marine  
  43  4:53  Supply Depot  
  43  4:59  Marine x2  
  45  5:06  Marine  
  46  5:16  SCV  
  46  5:17  Marine x2  
  49  5:23  Marine  
  49  5:28  SCV  
  51  5:40  SCV  
  52  5:46  Command Center  
  52  5:52  SCV, Marine  
  54  5:59  Marine  
  54  6:00  Marine  
  56  6:04  SCV  
  56  6:10  Marine  
  58  6:17  Marine x2  
  60  6:27  Marine x2  
  60  6:28  Marine  
  63  6:43  Engineering Bay  
  63  6:47  Marine x5  
  68  6:56  SCV  
  68  6:59  Refinery  
  69  7:03  Orbital Command  
  69  7:05  Marine x5  
  75  7:08  SCV  
  75  7:22  Refinery  
  75  7:23  Marine x4  
  79  7:41  Marine x4  
  28  7:59  Marine x2  
Show
View Real Time Build Order
Export as new Build Order

ManlyManMeat Zerg - Winner!

Build Orders: Hatch First 

Get SALT Encoding   

  12  0:00  Drone  
  13  0:09  Drone  
  14  0:16  Overlord  
  14  0:36  Drone  
  14  0:37  Drone x2  
  17  0:53  Hatchery  
  16  0:57  Drone  
  17  1:11  Spawning Pool  
  16  1:13  Extractor  
  16  1:15  Drone  
  16  1:23  Drone  
  16  1:24  Drone  
  18  1:37  Drone  
  19  1:42  Drone  
  20  1:59  Queen  
  22  2:04  Overlord  
  22  2:06  Overlord  
  22  2:08  Queen  
  24  2:13  Zergling x4  
  26  2:21  Drone  
  27  2:26  Metabolic Boost  
  27  2:29  Zergling x4  
  29  2:55  Drone x3  
  32  3:03  Hatchery  
  32  3:04  Evolution Chamber  
  30  3:07  Drone, Evolution Chamber  
  30  3:20  Drone x2  
  30  3:21  Drone x2  
  30  3:26  Overlord  
  34  3:31  Zerg Melee Weapons Level 1  
  33  3:45  Drone x5  
  38  3:57  Queen  
  38  4:00  Drone x2  
  38  4:01  Drone x2  
  44  4:06  Extractor, Drone x2  
  45  4:10  Drone x2  
  47  4:21  Zerg Ground Armor Level 1  
  47  4:26  Drone, Baneling Nest  
  47  4:28  Drone  
  47  4:29  Drone x2  
  50  4:32  Drone x3  
  53  4:43  Drone x4  
  57  4:48  Lair  
  57  4:51  Drone x2  
  57  4:53  Overlord  
  57  4:55  Overlord  
  57  4:56  Overlord  
  56  5:13  Drone x3  
  56  5:14  Drone x6  
  62  5:17  Extractor  
  62  5:18  Extractor  
  62  5:21  Zergling x6  
  66  5:31  Overlord  
  66  5:32  Overlord  
  66  5:49  Overlord  
  66  5:50  Overlord  
  66  5:51  Overlord x2  
  66  5:53  Zergling x16  
  66  5:56  Extractor  
  73  5:57  Extractor  
  73  5:59  Drone  
  73  6:07  Centrifugal Hooks  
  73  6:10  Zerg Melee Weapons Level 2  
  73  6:22  Zergling x24  
  85  6:33  Drone x3  
  85  6:36  Hatchery  
  87  6:41  Drone x2  
  89  6:56  Baneling  
  89  6:57  Baneling x21  
  89  6:59  Zergling x6  
  89  7:00  Zergling x18  
  96  7:19  Zergling x10  
  101  7:25  Zergling x2  
  101  7:26  Zergling x18  
  111  7:34  Zergling x2  
  111  7:35  Zergling x2  
  89  7:52  Zergling x18  
  97  8:03  Drone x9  
  106  8:11  Drone x2  
Tags
 
League
Bronze
Matchup
TvZ
Spawn Locations
Close Positions
Add a new tag
Caveats
  • Supply blocks, unpowered buildings, or Contaminate may cause inaccurate times.
  • Supply counts are checked every 10 seconds.